Map: Acid Plant LE

Players

SpeCial

  • Race: Terran Terran
  • Spawn Location: 11:00

MaNa - Winner!

  • Race: Protoss Protoss
  • Spawn Location: 5:00

Event: WCS Austin 2018

VOD

Have the link to the VOD?

Description

Time

  • Played on: June 3, 2018, 6:01 p.m.
  • Length: 8:59

All games in this series

Show
View Real Time Build Order
Export as new Build Order

SpeCial Terran 

Build Orders: Liberator Opening, Reaper Expand 

Get SALT Encoding   

  12  0:00  SCV  
  13  0:13  SCV  
  14  0:17  Supply Depot  
  14  0:25  SCV  
  15  0:38  SCV  
  15  0:40  Barracks  
  16  0:44  Refinery  
  16  0:50  SCV  
  17  1:03  SCV  
  18  1:15  SCV  
  19  1:27  Reaper  
  19  1:28  Orbital Command  
  20  1:42  Command Center  
  20  1:55  Supply Depot, SCV  
  20  1:59  Marine  
  22  2:07  Factory  
  22  2:10  SCV  
  23  2:17  Refinery  
  23  2:22  Barracks Reactor, SCV  
  24  2:34  SCV  
  25  2:46  SCV  
  25  2:58  SCV  
  25  2:59  Marine x2  
  25  3:00  Cyclone  
  25  3:04  Orbital Command  
  31  3:14  SCV  
  31  3:19  Starport  
  32  3:24  Marine x2  
  34  3:27  SCV  
  34  3:30  SCV  
  37  3:42  Cyclone  
  37  3:44  SCV x2  
  37  3:48  Marine x2  
  42  3:50  Liberator  
  42  3:54  Supply Depot  
  42  3:55  Bunker  
  42  3:58  SCV x2  
  46  4:15  Marine x2, SCV x2  
  46  4:16  Bunker  
  50  4:17  Factory Tech Lab  
  50  4:24  Supply Depot  
  50  4:27  SCV x2  
  52  4:34  Marine x2  
  51  4:39  SCV x2  
  51  4:45  Siege Tank  
  54  4:51  Liberator  
  54  4:52  Marine, SCV  
  53  4:54  SCV  
  54  5:02  Marine  
  54  5:04  SCV  
  54  5:06  SCV  
  57  5:09  Marine  
  61  5:16  Supply Depot, SCV  
  62  5:27  Supply Depot  
  62  5:37  Marine x2  
  62  5:38  Supply Depot, SCV x2, Siege Tank  
  69  5:50  Supply Depot, SCV x2  
  69  5:52  Command Center  
  69  5:55  Marine x2  
  69  5:56  Medivac  
  75  6:01  Supply Depot  
  75  6:02  SCV x2  
  77  6:10  Barracks x2  
  77  6:13  Marine x2  
  77  6:14  SCV x2, Siege Tank  
  79  6:26  SCV x2  
  79  6:32  Marine  
  82  6:33  Marine  
  82  6:38  SCV x2  
  82  6:39  Starport Tech Lab  
  79  6:42  Refinery  
  79  6:43  Refinery  
  79  6:44  Supply Depot  
  79  6:50  Marine, SCV x2  
  79  6:51  Marine  
  83  6:57  Barracks Tech Lab  
  83  7:02  SCV x2  
  83  7:06  Siege Tank  
  83  7:08  Marine x2  
  85  7:14  SCV x2  
  77  7:19  Marine  
  71  7:25  Marine  
  71  7:26  Marine, SCV x2  
  75  7:33  Engineering Bay x2  
  75  7:36  Marine  
  72  7:38  Siege Tank  
  72  7:39  SCV x2  
  72  7:43  Marine  
  74  7:44  Marine  
  74  7:51  SCV x2  
  69  7:54  Orbital Command  
  69  7:55  Barracks Tech Lab  
  69  7:56  Barracks  
  69  7:57  Marine  
  70  8:01  Barracks, Marine  
  70  8:02  Marine  
  70  8:03  SCV x2  
  73  8:06  Starport Reactor  
  71  8:15  SCV x2  
  71  8:17  Marauder  
  71  8:18  Marauder  
  71  8:19  Marine  
  78  8:20  Marine  
  78  8:21  Supply Depot  
  79  8:27  SCV x2  
  79  8:28  SCV  
  79  8:32  Missile Turret  
  85  8:37  Marine x2  
  85  8:39  SCV x2  
  93  8:43  Supply Depot  
Show
View Real Time Build Order
Export as new Build Order

MaNa Protoss - Winner!

Build Orders: Oracle Opening 

Get SALT Encoding   

  12  0:00  Probe  
  13  0:12  Probe  
  14  0:19  Pylon  
  14  0:24  Probe  
  15  0:33  Probe  
  15  0:40  Gateway  
  15  0:41  Probe  
  16  0:49  Assimilator  
  17  0:51  Probe  
  18  0:59  Probe  
  19  1:05  Pylon  
  19  1:07  Probe  
  20  1:18  Probe  
  21  1:27  Cybernetics Core  
  21  1:28  Zealot  
  23  1:53  Nexus  
  23  1:56  Stalker  
  23  2:01  Assimilator  
  25  2:11  Warp Gate  
  25  2:14  Probe  
  26  2:23  Pylon  
  26  2:30  Stalker  
  26  2:33  Probe  
  29  2:45  Probe  
  29  2:47  Stargate  
  29  2:50  Pylon  
  30  3:01  Probe  
  30  3:02  Probe  
  30  3:03  Stalker  
  31  3:09  Probe  
  31  3:10  Probe  
  32  3:18  Probe  
  34  3:20  Probe  
  36  3:30  Oracle  
  36  3:31  Probe  
  36  3:32  Probe  
  41  3:43  Probe  
  41  3:44  Probe  
  43  3:49  Gateway  
  43  3:50  Gateway  
  43  3:55  Probe  
  44  3:56  Probe  
  44  3:59  Pylon  
  45  4:07  Oracle, Probe  
  45  4:08  Probe  
  50  4:20  Probe  
  51  4:26  Shield Battery, Probe  
  51  4:28  Twilight Council  
  52  4:32  Probe, Forge  
  54  4:38  Probe  
  54  4:45  Probe  
  55  4:46  Blink  
  58  4:55  Protoss Ground Weapons Level 1  
  58  5:00  Assimilator  
  58  5:02  Probe x2  
  58  5:04  Assimilator  
  57  5:07  Nexus  
  57  5:09  Stalker, Pylon  
  59  5:17  Pylon  
  59  5:21  Probe  
  59  5:27  Stalker  
  62  5:28  Stalker  
  62  5:31  Probe  
  64  5:39  Probe  
  65  5:43  Stalker  
  65  5:44  Gateway  
  65  5:46  Gateway  
  67  5:54  Robotics Facility  
  67  5:56  Probe x2  
  69  5:59  Stalker  
  69  6:02  Gateway  
  71  6:04  Sentry  
  71  6:08  Probe x2  
  72  6:20  Phoenix, Probe  
  72  6:21  Probe x2  
  77  6:27  Stalker  
  77  6:28  Stalker, Protoss Ground Armor Level 1  
  77  6:32  Probe  
  82  6:39  Charge  
  81  6:40  Stalker  
  83  6:51  Stalker x2  
  83  6:53  Pylon  
  87  6:54  Probe x2  
  85  7:12  Stalker  
  79  7:15  Zealot  
  79  7:16  Zealot  
  79  7:19  Probe x2  
  81  7:24  Zealot x3  
  81  7:25  Probe  
  86  7:31  Probe  
  87  7:40  Stalker x3  
  87  7:42  Probe  
  92  7:46  Warp Prism  
  92  7:50  Zealot x3  
  98  7:51  Gateway, Probe  
  98  7:58  Pylon  
  101  8:17  Zealot x4  
  109  8:25  Pylon  
  109  8:26  Pylon  
  109  8:35  Templar Archives  
  109  8:43  Probe x3  
  110  8:57  Zealot x5  
  110  8:58  Zealot x2  
Tags
 
Add a new tag
Caveats
  • Supply blocks, unpowered buildings, or Contaminate may cause inaccurate times.
  • Supply counts are checked every 10 seconds.